BSA
FRESNO DEPLORABLES @ GREENVILLE 84S
10/12/2027
 
TOP OF THE 1ST
Fresno Deplorables batting - Pitching for Greenville 84s : RHP Dillon Nelson
Pitching: RHP Dillon Nelson
Batting: RHB Dani Vázquez 0-0: Ball
1-0: Ball
2-0: Ball
3-0: Base on Balls
Batting: LHB Paul Mullins 0-0: Called Strike
0-1: Ball
1-1: Ball
2-1: Ball
3-1: SINGLE (Line Drive, 6MD)
Dani Vázquez to second
Batting: LHB Jeff Daniels 0-0: Ball
1-0: Ball
2-0: Called Strike
2-1: Foul Ball, location: 2F
2-2: SINGLE (Flyball, 9LM)
Dani Vázquez to third
Paul Mullins to second
Batting: LHB Troy Donaldson 0-0: Ball
1-0: Called Strike
1-1: Ball
2-1: Ball
3-1: Foul Ball, location: 2F
3-2: Fielders Choice at 2nd, 3-6 (Groundball, 34)
Dani Vázquez scores
Paul Mullins to third
Batting: RHB Paco Arellano 0-0: Called Strike
0-1: DOUBLE (Groundball, 5L)
Paul Mullins scores
Troy Donaldson to third
Batting: RHB Manolo Román 0-0: Ball
1-0: Fly out, F8 (Flyball, 8LXD)
Runner from 3rd tags up, SCORES, no throw
Batting: LHB Keith Beard 0-0: Ball
1-0: Fly out, F4 (Popup, 4)
Top of the 1st over - 3 run(s), 3 hit(s), 0 error(s), 1 left on base; Fresno 3 - Greenville 0
BOTTOM OF THE 1ST
Greenville 84s batting - Pitching for Fresno Deplorables : LHP Allan Bader
Pitching: LHP Allan Bader
Batting: RHB Carlos Torres 0-0: Called Strike
0-1: Ball
1-1: Ball
2-1: Foul Ball, location: 2F
2-2: Ball
3-2: Foul Ball, location: 2F
3-2: Ground out 1-3 (Groundball, 13S)
Batting: LHB Chris Moore 0-0: Foul Ball, location: 2F
0-1: Called Strike
0-2: Fly out, F7 (Flyball, 78M)
Batting: RHB Enzo Díaz 0-0: Foul Ball, location: 2F
0-1: DOUBLE (Flyball, 8RD)
Batting: LHB Brock Larsen 0-0: Called Strike
0-1: Foul Ball, location: 2F
0-2: Ball
1-2: Ground out 6-3 (Groundball, 6)
Bottom of the 1st over - 0 run(s), 1 hit(s), 0 error(s), 1 left on base; Fresno 3 - Greenville 0
TOP OF THE 2ND
Fresno Deplorables batting - Pitching for Greenville 84s : RHP Dillon Nelson
Batting: RHB Aaron Scott 0-0: Fly out, F3 (Popup, 3D)
Batting: RHB Germán Rosales 0-0: Ball
1-0: Ball
2-0: Called Strike
2-1: Ground out 4-3 (Groundball, 4)
Batting: RHB Dani Vázquez 0-0: Ball
1-0: Called Strike
1-1: Called Strike
1-2: Ball
2-2: Strikes out swinging
Top of the 2nd over - 0 run(s), 0 hit(s), 0 error(s), 0 left on base; Fresno 3 - Greenville 0
BOTTOM OF THE 2ND
Greenville 84s batting - Pitching for Fresno Deplorables : LHP Allan Bader
Batting: LHB Paco Rosas 0-0: SINGLE (Line Drive, 34)
Batting: LHB Jimmy Vickers 0-0: Called Strike
0-1: Ball
1-1: Ball
2-1: Ball
3-1: DOUBLE (Line Drive, 9LS)
Paco Rosas to third
Batting: RHB Robert Buckley 0-0: Ball
1-0: Ball
2-0: Called Strike
2-1: Ball
3-1: Base on Balls
Batting: LHB Robert Moore 0-0: Called Strike
0-1: SINGLE (Groundball, 4D)
Paco Rosas scores
Jimmy Vickers to third
Robert Buckley to second
Batting: SHB Gilberto Guzmán 0-0: Called Strike
0-1: Fly out, F9 (Flyball, 9LS)
Batting: RHB Carlos Torres 0-0: Swinging Strike
0-1: Ball
1-1: Called Strike
1-2: Ball
2-2: Foul Ball, location: 2F
2-2: Foul Ball, location: 2F
2-2: Foul Ball, location: 2F
2-2: Ball
3-2: SINGLE (Groundball, 56D)
Jimmy Vickers scores
Robert Buckley to third
Robert Moore to second
Runner from 3rd tries for Home, SAFE, throw made at trailing runner, SAFE at third!
Batting: LHB Chris Moore 0-0: Ball
1-0: Grounds into double play, 6-4-3 (Groundball, 6)
Bottom of the 2nd over - 3 run(s), 4 hit(s), 0 error(s), 1 left on base; Fresno 3 - Greenville 3
TOP OF THE 3RD
Fresno Deplorables batting - Pitching for Greenville 84s : RHP Dillon Nelson
Batting: LHB Paul Mullins 0-0: Called Strike
0-1: Swinging Strike
0-2: Strikes out swinging
Batting: LHB Jeff Daniels 0-0: Called Strike
0-1: SINGLE (Line Drive, 56D)
Batting: LHB Troy Donaldson 0-0: Fly out, F7 (Flyball, 7LS)
Batting: RHB Paco Arellano 0-0: Ball
1-0: Foul Ball, location: 2F
1-1: Swinging Strike
1-2: Strikes out swinging
Top of the 3rd over - 0 run(s), 1 hit(s), 0 error(s), 1 left on base; Fresno 3 - Greenville 3
BOTTOM OF THE 3RD
Greenville 84s batting - Pitching for Fresno Deplorables : LHP Allan Bader
Batting: RHB Enzo Díaz 0-0: Ball
1-0: Ground out 1-3 (Groundball, 13)
Batting: LHB Brock Larsen 0-0: Ball
1-0: Called Strike
1-1: Ball
2-1: Swinging Strike
2-2: Ball
3-2: Base on Balls
Batting: LHB Paco Rosas 0-0: Grounds into double play, 4-6-3 (Groundball, 4)
Bottom of the 3rd over - 0 run(s), 0 hit(s), 0 error(s), 0 left on base; Fresno 3 - Greenville 3
TOP OF THE 4TH
Fresno Deplorables batting - Pitching for Greenville 84s : RHP Dillon Nelson
Batting: RHB Manolo Román 0-0: Foul Ball, location: 2F
0-1: Ball
1-1: Foul Ball, location: 2F
1-2: Ground out 1-3 (Groundball, 15S)
Batting: LHB Keith Beard 0-0: Foul Ball, location: 2F
0-1: Foul Ball, location: 2F
0-2: SINGLE (Line Drive, 8RS)
Batting: RHB Aaron Scott 0-0: Grounds into double play, 4-6-3 (Groundball, 34)
Top of the 4th over - 0 run(s), 1 hit(s), 0 error(s), 0 left on base; Fresno 3 - Greenville 3
BOTTOM OF THE 4TH
Greenville 84s batting - Pitching for Fresno Deplorables : LHP Allan Bader
Batting: LHB Jimmy Vickers 0-0: Ball
1-0: Fly out, F9 (Flyball, 89M)
Batting: RHB Robert Buckley 0-0: Ball
1-0: Swinging Strike
1-1: Swinging Strike
1-2: Ball
2-2: Foul Ball, location: 2F
2-2: Ball
3-2: SINGLE (Groundball, 56D)
Batting: LHB Robert Moore 0-0: Ball
1-0: Called Strike
1-1: Foul Ball, location: 2F
1-2: Ball
2-2: Ball
3-2: Fly out, F4 (Popup, 4)
Batting: SHB Gilberto Guzmán 0-0: Ball
Passed Ball!
Robert Buckley to second
1-0: Ground out 4-3 (Groundball, 4S)
Bottom of the 4th over - 0 run(s), 1 hit(s), 0 error(s), 1 left on base; Fresno 3 - Greenville 3
TOP OF THE 5TH
Fresno Deplorables batting - Pitching for Greenville 84s : RHP Dillon Nelson
Batting: RHB Germán Rosales 0-0: SINGLE (Line Drive, 9S)
Batting: RHB Dani Vázquez 0-0: Called Strike
0-1: Foul Ball, location: 2F
0-2: Foul Ball, location: 2F
0-2: Ball
1-2: Strikes out swinging
Batting: LHB Paul Mullins 0-0: Ball
1-0: Called Strike
1-1: Foul Ball, location: 2F
1-2: Ball
2-2: Ball
3-2: Foul Ball, location: 2F
3-2: Foul Ball, location: 2F
3-2: SINGLE (Groundball, 4MD)
Germán Rosales to second
Germán Rosales to third
Batting: LHB Jeff Daniels 0-0: Called Strike
0-1: Ball
1-1: DOUBLE (Flyball, 78D)
Germán Rosales scores
Paul Mullins to third
Batting: LHB Troy Donaldson 0-0: Intentional Walk
Batting: RHB Paco Arellano 0-0: Ball
1-0: Called Strike
1-1: SINGLE (Line Drive, 4M)
Paul Mullins scores
Jeff Daniels to third
Troy Donaldson to second
Pitching: RHP Tomás González
Batting: RHB Manolo Román 0-0: Ball
1-0: Called Strike
1-1: Foul Ball, location: 2F
1-2: SINGLE (Groundball, 6MD)
Jeff Daniels scores
Troy Donaldson to third
Paco Arellano to second
Batting: LHB Keith Beard 0-0: Called Strike
0-1: Called Strike
0-2: Ball
1-2: Ball
2-2: Foul Ball, location: 2F
2-2: Ball
3-2: SINGLE (Line Drive, 34)
Troy Donaldson scores
Paco Arellano to third
Manolo Román to second
Runner from 3rd tries for Home, SAFE, no throw
Batting: RHB Aaron Scott 0-0: Called Strike
0-1: Ball
1-1: Ball
2-1: Fly out, F3 (Line Drive, 3L)
Lined into DP, U3 (Line Drive, 3L)
Top of the 5th over - 5 run(s), 6 hit(s), 0 error(s), 1 left on base; Fresno 8 - Greenville 3
BOTTOM OF THE 5TH
Greenville 84s batting - Pitching for Fresno Deplorables : LHP Allan Bader
Batting: RHB Carlos Torres 0-0: Foul Ball, location: 2F
0-1: Swinging Strike
0-2: Ball
1-2: Ground out U3 (Groundball, 3S)
Batting: LHB Chris Moore 0-0: Ball
1-0: Foul Ball, location: 2F
1-1: Swinging Strike
1-2: Foul Ball, location: 2F
1-2: Ground out 4-3 (Groundball, 34)
Batting: RHB Enzo Díaz 0-0: Called Strike
0-1: Ball
1-1: Foul Ball, location: 2F
1-2: Foul Ball, location: 2F
1-2: Fly out, F7 (Flyball, 7D)
Bottom of the 5th over - 0 run(s), 0 hit(s), 0 error(s), 0 left on base; Fresno 8 - Greenville 3
TOP OF THE 6TH
Fresno Deplorables batting - Pitching for Greenville 84s : RHP Tomás González
Batting: RHB Germán Rosales 0-0: Called Strike
0-1: Ball
1-1: Foul Ball, location: 2F
1-2: Ball
2-2: SINGLE (Groundball, 4MD)
Batting: RHB Dani Vázquez 0-0: Ball
1-0: Foul Ball, location: 2F
1-1: Ball
2-1: Called Strike
2-2: Foul Ball, location: 2F
2-2: Fly out, F4 (Line Drive, 4M)
Batting: LHB Paul Mullins 0-0: Ball
1-0: Ball
2-0: Called Strike
2-1: Ball
3-1: Foul Ball, location: 2F
3-2: Foul Ball, location: 2F
3-2: Foul Ball, location: 2F
3-2: SINGLE (Groundball, 34D)
Germán Rosales to second
Germán Rosales to third
Batting: LHB Jeff Daniels 0-0: Ball
1-0: Ball
2-0: Swinging Strike
2-1: DOUBLE (Flyball, 78D)
Germán Rosales scores
Paul Mullins to third
Batting: LHB Troy Donaldson 0-0: Ball
1-0: Ball
2-0: Fly out, F8 (Flyball, 8RS)
Runner from 3rd tags up, SCORES, no throw
Batting: RHB Paco Arellano 0-0: Ball
Wild Pitch!
Jeff Daniels to third
1-0: Swinging Strike
1-1: Foul Ball, location: 2F
1-2: Ball
2-2: Foul Ball, location: 2F
2-2: Strikes out looking
Top of the 6th over - 2 run(s), 3 hit(s), 0 error(s), 1 left on base; Fresno 10 - Greenville 3
BOTTOM OF THE 6TH
Greenville 84s batting - Pitching for Fresno Deplorables : LHP Allan Bader
Pitching: LHP José Garza
Batting: LHB Brock Larsen 0-0: Ball
1-0: Ball
2-0: SOLO HOME RUN (Flyball, 9D), Distance : 353 ft
Batting: LHB Paco Rosas 0-0: Ball
1-0: Swinging Strike
1-1: Foul Ball, location: 2F
1-2: Ground out 4-3 (Groundball, 4)
Batting: LHB Jimmy Vickers 0-0: Called Strike
0-1: Swinging Strike
0-2: Ball
1-2: Ball
2-2: Strikes out swinging
Batting: RHB Robert Buckley 0-0: Ground out 3-1 (Groundball, 34)
Bottom of the 6th over - 1 run(s), 1 hit(s), 0 error(s), 0 left on base; Fresno 10 - Greenville 4
TOP OF THE 7TH
Fresno Deplorables batting - Pitching for Greenville 84s : RHP Tomás González
Batting: RHB Manolo Román 0-0: Ball
1-0: Fly out, F7 (Flyball, 7S)
Batting: LHB Keith Beard 0-0: Ball
1-0: Ball
2-0: Ball
3-0: Base on Balls
Pitching: RHP Fernand Picard
Batting: RHB Aaron Scott 0-0: Ball
1-0: Swinging Strike
1-1: Foul Ball, location: 2F
1-2: Ball
2-2: Strikes out swinging
Batting: RHB Germán Rosales 0-0: Ball
1-0: Called Strike
1-1: Ball
Keith Beard is caught stealing 2nd base
Top of the 7th over - 0 run(s), 0 hit(s), 0 error(s), 0 left on base; Fresno 10 - Greenville 4
BOTTOM OF THE 7TH
Greenville 84s batting - Pitching for Fresno Deplorables : LHP José Garza
Batting: LHB Robert Moore 0-0: Ball
1-0: Called Strike
1-1: Ball
2-1: Ball
3-1: Called Strike
3-2: Foul Ball, location: 2F
3-2: Foul Ball, location: 2F
3-2: Strikes out swinging
Batting: SHB Gilberto Guzmán 0-0: Swinging Strike
0-1: Ball
1-1: Called Strike
1-2: Foul Ball, location: 2F
1-2: Ball
2-2: Strikes out swinging
Batting: RHB Carlos Torres 0-0: Called Strike
0-1: Called Strike
0-2: Ball
1-2: Ball
2-2: Ball
3-2: Fly out, F8 (Flyball, 8RS)
Bottom of the 7th over - 0 run(s), 0 hit(s), 0 error(s), 0 left on base; Fresno 10 - Greenville 4
TOP OF THE 8TH
Fresno Deplorables batting - Pitching for Greenville 84s : RHP Fernand Picard
Batting: RHB Germán Rosales 0-0: Called Strike
0-1: Swinging Strike
0-2: Strikes out swinging
Batting: RHB Dani Vázquez 0-0: Ground out 4-3 (Groundball, 4)
Batting: LHB Paul Mullins 0-0: Ball
1-0: Foul Ball, location: 2F
1-1: Called Strike
1-2: Ball
2-2: Foul Ball, location: 2F
2-2: Strikes out swinging
Top of the 8th over - 0 run(s), 0 hit(s), 0 error(s), 0 left on base; Fresno 10 - Greenville 4
BOTTOM OF THE 8TH
Greenville 84s batting - Pitching for Fresno Deplorables : LHP José Garza
Now at C: Teddy Bates
Batting: LHB Chris Moore 0-0: Ball
1-0: Ball
2-0: Foul Ball, location: 2F
2-1: Foul Ball, location: 2F
2-2: Strikes out swinging
Batting: RHB Enzo Díaz 0-0: Ball
1-0: Ball
2-0: Foul Ball, location: 2F
2-1: Foul Ball, location: 2F
2-2: Ball
3-2: Foul Ball, location: 2F
3-2: Fly out, F5 (Line Drive, 5L)
Batting: LHB Brock Larsen 0-0: Fly out, F7 (Flyball, 7LM)
Bottom of the 8th over - 0 run(s), 0 hit(s), 0 error(s), 0 left on base; Fresno 10 - Greenville 4
TOP OF THE 9TH
Fresno Deplorables batting - Pitching for Greenville 84s : RHP Fernand Picard
Pitching: LHP Francisco Ríos
Batting: LHB Jeff Daniels 0-0: Called Strike
0-1: Ball
1-1: Ball
2-1: SINGLE (Flyball, 78S)
Batting: LHB Troy Donaldson 0-0: Ball
1-0: Ball
2-0: Called Strike
2-1: Foul Ball, location: 2F
2-2: Strikes out swinging
Batting: RHB Paco Arellano 0-0: Fielders Choice at 2nd, 5-4 (Groundball, 56)
Batting: RHB Manolo Román 0-0: Called Strike
0-1: Fly out, F9 (Flyball, 9)
Top of the 9th over - 0 run(s), 1 hit(s), 0 error(s), 1 left on base; Fresno 10 - Greenville 4
BOTTOM OF THE 9TH
Greenville 84s batting - Pitching for Fresno Deplorables : LHP José Garza
Batting: LHB Paco Rosas 0-0: Ground out 4-3 (Groundball, 4)
Batting: LHB Jimmy Vickers 0-0: Swinging Strike
0-1: Ball
1-1: Reached on error, E3 (Groundball, 34)
Batting: RHB Robert Buckley 0-0: Fly out, F8 (Flyball, 8LD)
Batting: LHB Robert Moore 0-0: Ball
1-0: Called Strike
1-1: Ball
2-1: Ball
3-1: Foul Ball, location: 2F
3-2: Foul Ball, location: 2F
3-2: Base on Balls
Jimmy Vickers to second
Batting: SHB Gilberto Guzmán 0-0: Swinging Strike
0-1: Foul Ball, location: 2F
0-2: Ball
1-2: Ball
2-2: Foul Ball, location: 2F
2-2: Strikes out swinging
Bottom of the 9th over - 0 run(s), 0 hit(s), 1 error(s), 2 left on base; Fresno 10 - Greenville 4
Thursday, March 30th, 2017 - OOTP Baseball 17.12 Build 75